 Dungeon Crawl Stone Soup version 0.28-a0-233-gb8ca4b6547 (webtiles) character file.

Game seed: 4774267534852406064

17333 quinnr the Zephyrmancer (level 12, -6/68 HPs)
             Began as a Tengu Air Elementalist on Aug 22, 2021.
             Was an Elder of Vehumet.
             Mangled by a yak (15 damage)
             ... on level 2 of the Lair of Beasts.
             The game lasted 00:41:50 (20813 turns).

quinnr the Zephyrmancer (Tengu Air Elementalist)   Turns: 20813, Time: 00:41:51

Health: -6/68      AC:  7    Str: 15    XL:     12   Next: 46%
Magic:  25/25      EV: 24    Int: 20    God:    Vehumet [****..]
Gold:   881        SH:  0    Dex: 21    Spells: 14/28 levels left

rFire   . . .      SeeInvis .   i - staff of poison
rCold   . . .      Faith    .   (no shield)
rNeg    . . .      Spirit   .   g - +0 steam dragon scales
rPois   +          Reflect  .   (helmet restricted)
rElec   .          Harm     .   (no cloak)
rCorr   .          Rampage  .   C - +1 pair of gloves
Will    .....                   (boots unavailable)
Stlth   ++++......              (no amulet)
HPRegen 0.21/turn               D - +6 ring of dexterity
MPRegen 0.19/turn               K - +6 ring of strength

@: flying quickly and evasively, quick
A: beak, talons 3, nimble flight
a: Renounce Religion


You were on level 2 of the Lair of Beasts.
You worshipped Vehumet.
Vehumet was greatly pleased with you.
You visited 3 branches of the dungeon, and saw 14 of its levels.
You also visited: Ossuary.

You collected 881 gold pieces.

Inventory:

Missiles
 f - 33 poisoned darts
 q - a throwing net
Armour
 a - a +0 robe
 g - +0 steam dragon scales (worn)
 B - a +0 troll leather armour
 C - a +1 pair of gloves (worn)
 G - a scarf of invisibility
Magical Staves
 i - a staff of poison (weapon)
 L - a staff of cold
Jewellery
 D - a +6 ring of dexterity (left hand)
 K - a +6 ring of strength (right hand)
Wands
 c - a wand of flame (39)
 j - a wand of mindburst (5)
 t - a wand of acid (3)
 E - a wand of polymorph (7)
 I - a wand of paralysis (5)
Scrolls
 b - 5 scrolls of vulnerability
 h - 2 scrolls of noise
 u - a scroll of teleportation
 w - 2 scrolls of silence
 x - 3 scrolls of fear
 y - 2 scrolls of fog
 z - a scroll of enchant weapon
 H - a scroll of amnesia
 J - a scroll of torment {unknown}
 M - a scroll of magic mapping
Potions
 d - 2 potions of berserk rage
 e - 2 potions of heal wounds
 k - 3 potions of invisibility
 l - 4 potions of might
 m - 2 potions of mutation
 n - 2 potions of resistance
 o - 2 potions of flight
 p - 5 potions of curing
 r - 4 potions of brilliance
 s - 2 potions of lignification
 v - 2 potions of haste
 A - a potion of magic
 F - 2 potions of cancellation


   Skills:
 - Level 5.0 Fighting
 - Level 1.0 Staves
 - Level 2.0 Armour
 + Level 10.7 Dodging
 + Level 7.2 Stealth
 + Level 8.8 Spellcasting
 + Level 4.7 Conjurations
 + Level 6.2 Summonings
 - Level 12.0 Air Magic
 - Level 1.0 Poison Magic
 - Level 6.0 Evocations


You had 14 spell levels left.
You knew the following spells:

 Your Spells              Type           Power      Damage    Failure   Level
a - Shock                 Conj/Air       100%       1d9       1%          1
b - Static Discharge      Conj/Air       42%        N/A       1%          2
c - Airstrike             Air            27%        N/A       1%          4
d - Call Canine Familiar  Summ           33%        N/A       1%          3
e - Hailstorm             Conj/Ice       18%        3d6       8%          4

Your spell library contained the following spells:

 Spells                   Type           Power      Damage    Failure   Level
 Summon Small Mammal      Summ           100%       N/A       1%          1
 Swiftness                Air            54%        N/A       1%          3
 Dazzling Flash           Conj/Hex       36%        N/A       2%          3
 Summon Guardian Golem    Hex/Summ       21%        N/A       6%          3
 Fulminant Prism          Conj/Hex       9%         3d7       8%          4
 Iskenderun's Mystic Bla  Conj/Tloc      18%        2d6       8%          4
 Sublimation of Blood     Necr           4%         N/A       12%         2
 Silence                  Hex/Air        16%        N/A       19%         5
 Irradiate                Conj/Tmut      9%         3d16      21%         5
 Portal Projectile        Hex/Tloc       16%        N/A       24%         3
 Lee's Rapid Deconstruct  Erth           4%         3d6*      45%         5
 Petrify                  Tmut/Erth      8%         N/A       61%         4
 Agony                    Necr           8%         N/A       91%         5
 Blade Hands              Tmut           4%         N/A       91%         5
 Excruciating Wounds      Necr           4%         N/A       91%         5


Dungeon Overview and Level Annotations

Branches:
Dungeon (10/15)            Temple (1/1) D:6            Lair (3/6) D:8
  Swamp (0/4) Lair:3        Snake (0/4) Lair:2      Ossuary (visited)
    Orc: D:9-12

Altars:
Ashenzari
Cheibriados
Dithmenos
Elyvilon
Fedhas
Gozag
Hepliaklqana
Kikubaaqudgha
Makhleb
Nemelex Xobeh
Okawaru
Qazlal
Ru
Sif Muna
Trog
Uskayaw
Vehumet
Wu Jian
Xom
Yredelemnul
Zin
The Shining One

Shops:
D:4 *   D:9 [

Annotations:
D:6 2 runed translucent doors, frimble's ghost, novice MiEE
Lair:2 exclusion: naga, Urug


Innate Abilities, Weirdness & Mutations

You have a beak for a mouth.
You have claws for feet.
Your magical nature lets you fly swiftly and evasively.


Message History

The zap misses the yak.
The yak misses you.
The zap hits the yak!
The yak is severely wounded.
The yak gores you!
The zap hits the yak but does no damage.
The yak is severely wounded.
The yak barely misses you.
The zap hits the yak.
The yak is almost dead.
The yak completely misses you.
The zap hits the yak.
The yak is almost dead.
The yak gores you but does no damage.
The zap hits the yak!
You kill the yak!
Vehumet accepts your kill.
You feel your power returning.
You can't see any susceptible monsters within range! (Use Z to cast anyway.)
You can't see any susceptible monsters within range! (Use Z to cast anyway.)
You start resting.
You start resting.
HP restored.
You start resting.
You start resting.
Magic restored.
You fly downwards.
Level annotation: exclusion: naga, Urug The five-headed hydra completely misses you.
The five-headed hydra bites you! x4; The yak completely misses you.
There is a stone staircase leading up here.
Unknown command.
Unknown command.
The five-headed hydra misses you.
The five-headed hydra barely misses you.
The five-headed hydra closely misses you.
The five-headed hydra bites you!
* * * LOW HITPOINT WARNING * * *
The five-headed hydra barely misses you.
The yak gores you!
You die...

.##.........#............Y..Y
...
##.#.........................
...
###..........#).............
...
#...........#..............
..
#...##....#...##....!.......
#...# #.⌠.###...#............
#..# #....# ##..##..........#
...# #.... #.............##
>.⌠# #..<. #⌠Y@#..........#
...# ... #...D..........##
#..## ##..#Y.........#
#...###.⌠. #...#......$....
.#........ #...#...........#
..#............#............
..##.........#............##
...##.......#.. .......
....##....


You could see a five-headed hydra and 2 yaks.

Vanquished Creatures
  Harold (D:8)
  2 hydras
  2 two-headed ogres
  4 cane toads
  Psyche (D:8)
  Maggie (D:8)
  3 komodo dragons
  2 trolls
  7 blink frogs
  18 yaks
  A wraith (D:9)
  A wyvern (D:8)
  A steam dragon (Lair:2)
  Grum (D:10)
  A naga (Lair:2)
  An acid dragon (D:10)
  6 water moccasins
  A black bear (Lair:2)
  2 sky beasts
  An ice beast (D:7)
  4 orc warriors
  3 ogres
  3 necrophages
  2 wolves (D:10)
  4 centaurs
  9 bullfrogs
  3 kobold brigands
  Blork the orc (D:5)
  3 scorpions
  A water moccasin zombie (D:6)
  7 killer bees (D:9)
  15 wights
  An electric eel (Lair:1)
  A howler monkey (D:7)
  3 centaur zombies
  2 hounds
  2 jellies
  3 bullfrog skeletons
  3 orc priests
  A centaur skeleton (D:7)
  A gnoll shaman (D:8)
  2 iguanas
  9 orc wizards
  A hound zombie (D:5)
  A hound skeleton (D:5)
  8 mummies (Ossuary)
  6 gnolls
  15 adders
  3 white imps
  3 ufetubi
  2 worms
  6 dart slugs
  18 orcs
  6 ball pythons
  6 bats
  8 endoplasms
  2 giant cockroaches (D:1)
  10 goblins
  6 hobgoblins
  2 jackals
  3 quokkas
  8 frilled lizards
  2 gnoll zombies (Ossuary)
  4 hobgoblin zombies (Ossuary)
  A jackal skeleton (D:6)
  2 jackal zombies (D:4)
  16 kobolds
  A kobold skeleton (D:6)
  3 kobold zombies
  7 rats
290 creatures vanquished.

Vanquished Creatures (collateral kills)
  A hydra (Lair:2)
  A troll (D:9)
  3 yaks
  A killer bee (D:9)
  A centaur zombie (D:10)
  An orc wizard (D:9)
  3 kobolds (D:9)
11 creatures vanquished.

Vanquished Creatures (others)
  14 fungi
  20 plants
  5 toadstools (D:4)
  2 withered plants (D:6)
41 creatures vanquished.

Grand Total: 342 creatures vanquished

Notes
Turn   | Place    | Note
-------+----------+-------------------------------------------
     0 | D:1      | quinnr the Tengu Air Elementalist began the quest for the
                  | Orb.
     0 | D:1      | Reached XP level 1. HP: 10/10 MP: 4/4
   262 | D:1      | Reached XP level 2. HP: 15/15 MP: 3/6
   531 | D:1      | Reached skill level 5 in Air Magic
   935 | D:1      | Reached XP level 3. HP: 16/19 MP: 2/7
  1706 | D:2      | Reached skill level 6 in Air Magic
  1911 | D:2      | Reached XP level 4. HP: 24/24 MP: 4/8
  2137 | D:2      | Found a faded altar of an unknown god.
  2507 | D:2      | Reached skill level 7 in Air Magic
  3000 | D:3      | Gained mutation: Your magical nature lets you fly swiftly
                  | and evasively. [Tengu growth]
  3000 | D:3      | Reached XP level 5. HP: 15/28 MP: 1/9
  3414 | D:3      | Found a hazy altar of Hepliaklqana.
  3615 | D:4      | Found Jodwafup's Assorted Antiques.
  3626 | D:4      | Reached skill level 8 in Air Magic
  3707 | D:4      | Noticed a necrophage
  3709 | D:4      | Found a sand-covered staircase.
  3713 | Ossuary  | Entered an ossuary
  4180 | Ossuary  | Reached skill level 1 in Fighting
  4180 | Ossuary  | Reached XP level 6. HP: 34/34 MP: 1/10
  4333 | Ossuary  | Learned a level 2 spell: Static Discharge
  4338 | Ossuary  | Learned a level 4 spell: Airstrike
  5414 | D:4      | Found an ancient bone altar of Kikubaaqudgha.
  5680 | D:4      | Killed a necrophage
  5681 | D:4      | Reached XP level 7. HP: 39/39 MP: 0/14
  6119 | D:5      | Entered Level 5 of the Dungeon
  6702 | D:5      | Reached skill level 5 in Spellcasting
  7180 | D:5      | Noticed Blork the orc
  7215 | D:5      | Killed Blork the orc
  7216 | D:5      | Reached XP level 8. HP: 25/44 MP: 8/16
  7689 | D:5      | Found a white marble altar of Elyvilon.
  7725 | D:5      | Found a burning altar of Makhleb.
  7850 | D:6      | Reached skill level 5 in Dodging
  7990 | D:6      | Found a staircase to the Ecumenical Temple.
  7999 | Temple   | Entered the Ecumenical Temple
  8029 | Temple   | Became a worshipper of Vehumet
  8463 | D:6      | Reached skill level 1 in Evocations
  8619 | D:6      | Found a runed translucent door.
  8621 | D:6      | Found a basalt altar of Yredelemnul.
  8689 | D:6      | Found a runed translucent door.
  8689 | D:6      | Noticed frimble's ghost (novice MiEE)
  8816 | D:6      | Found a broken altar of Ashenzari.
  9075 | D:6      | Reached skill level 1 in Poison Magic
  9217 | D:6      | Reached XP level 9. HP: 39/51 MP: 8/18
  9461 | D:7      | Reached skill level 9 in Air Magic
  9783 | D:7      | Learned a level 3 spell: Call Canine Familiar
  9783 | D:7      | Noticed a troll
  9789 | D:7      | Killed a troll
  9790 | D:7      | Reached skill level 1 in Staves
  9790 | D:7      | Reached skill level 1 in Summonings
 10037 | D:7      | Reached * piety under Vehumet
 10037 | D:7      | Offered knowledge of Magic Dart by Vehumet.
 10081 | D:7      | Reached skill level 1 in Armour
 10917 | D:8      | Noticed Maggie
 10921 | D:8      | HP: 2/52 [Maggie/bolt of fire (33)]
 10923 | D:8      | Killed Maggie
 10924 | D:8      | Reached skill level 10 in Air Magic
 10924 | D:8      | Reached XP level 10. HP: 4/56 MP: 3/21
 11818 | D:8      | Found a staircase to the Lair.
 12100 | D:8      | Noticed Harold
 12155 | D:8      | Offered knowledge of Searing Ray by Vehumet.
 12239 | D:8      | Killed Harold
 12240 | D:8      | Reached skill level 5 in Fighting
 12379 | D:8      | Found a shimmering blue altar of Sif Muna.
 12395 | D:8      | Found an ornate altar of the Wu Jian Council.
 12399 | D:8      | Reached ** piety under Vehumet
 12574 | D:8      | Found a bloodstained altar of Trog.
 13022 | D:8      | Noticed Psyche
 13060 | D:8      | Killed Psyche
 13745 | D:9      | Found an opulent altar of Gozag.
 14570 | D:9      | Found Vogusij's Armour Boutique.
 14631 | D:9      | Noticed a two-headed ogre
 14643 | D:9      | Killed a two-headed ogre
 14644 | D:9      | Reached XP level 11. HP: 63/63 MP: 9/24
 15176 | D:10     | Entered Level 10 of the Dungeon
 15369 | D:10     | Noticed a two-headed ogre
 15377 | D:10     | Killed a two-headed ogre
 15378 | D:10     | Reached skill level 5 in Stealth
 15543 | D:10     | Noticed Grum
 15976 | D:10     | Reached skill level 5 in Evocations
 16086 | D:10     | Killed Grum
 16138 | D:10     | Offered knowledge of Inner Flame by Vehumet.
 16313 | D:10     | Found a sacrificial altar of Ru.
 16367 | D:10     | Reached *** piety under Vehumet
 16502 | D:10     | Found a shadowy altar of Dithmenos.
 16657 | D:10     | Reached skill level 11 in Air Magic
 17086 | Lair:1   | Entered Level 1 of the Lair of Beasts
 17662 | Lair:1   | Reached skill level 10 in Dodging
 17737 | Lair:1   | Offered knowledge of Hailstorm by Vehumet.
 17763 | D:8      | Learned a level 4 spell: Hailstorm
 18171 | Lair:1   | Reached skill level 5 in Summonings
 18642 | Lair:1   | Noticed a five-headed hydra
 18660 | Lair:1   | Killed a five-headed hydra
 18661 | Lair:1   | Reached XP level 12. HP: 68/68 MP: 7/25
 19475 | Lair:2   | You are sucked into a shaft and drop 1 floor!
 19475 | Lair:3   | Found a staircase to the Swamp.
 19538 | Lair:2   | Noticed a four-headed hydra
 19552 | Lair:2   | Killed a four-headed hydra
 19798 | Lair:2   | Found a staircase to the Snake Pit.
 19798 | Lair:2   | Noticed Urug
 19838 | Lair:2   | Reached **** piety under Vehumet
 19960 | Lair:2   | Noticed an eight-headed hydra
 20553 | Lair:2   | Killed an eight-headed hydra
 20554 | Lair:2   | Reached skill level 12 in Air Magic
 20673 | Lair:2   | Noticed a five-headed hydra
 20813 | Lair:2   | Mangled by a yak

Illustrated notes

Levels and vault maps discovered:
D:1:      mrwooster_arrival_statue, layout_loops_corners
D:2:      minmay_chambers_of_ones, layout_rooms,
          chequers_ecumenical_altar_simple
D:3:      layout_rooms, old_standard_altar, dk_vineyard_3, minmay_pentangle
D:4:      layout_rooms, mainiacjoe_overflow_boulevard, enter_ossuary_3,
          serial_shops, nicolae_stop_n_shop_1, kennysheep_small_spiral,
          minmay_gold_behind_fungi, kennysheep_generic_room_3
D:5:      layout_basic, mainiacjoe_overflow_swirl, skrybe_limestone_x,
          uniq_blork_the_orc
D:6:      layout_rooms, dk_yredelemnul_ordeal,
          mainiacjoe_overflow_surrounded_room,
          minmay_temple_entry_statues_pillars, gammafunk_ghost_grave,
          serial_park_tiny_1, minmay_misc_feat_four_crosses, minmay_crossroads
D:7:      layout_rooms
D:8:      layout_loops_corners, general_overflow_altar, lemuel_round_altar,
          nicolae_sif_muna_condensation, lair_entry_dummy, blue_anna_alchemist,
          uniq_psyche, uniq_maggie, uniq_harold
D:9:      layout_stronghold, nicolae_overflow_crystal_walls, serial_shops,
          nicolae_shop_trees, corexii_hall_statues_s, grunt_decor_one_mirror,
          st_stairs_4
D:10:     layout_roguey, nicolae_ru_great_annihilating_truth,
          mainiacjoe_overflow_alcove_2, uniq_grum
Temple:   compressed_dpeg_circular_temple
Lair:1:   layout_small_grid, infiniplex_staircase_pool, serial_bayou_shore_a,
          grunt_megastairs_3
Lair:2:   layout_small_grid, minmay_snake_entry_guardpost_small,
          beast_lair_carwin_6, grunt_megastairs_5, uniq_urug
Lair:3:   layout_roguey, swamp_mist_pool, grunt_megastairs_1,
          lemuel_fruit_fields

Skill      XL: |  1  2  3  4  5  6  7  8  9 10 11 12 |
---------------+-------------------------------------+-----
Air Magic      | 5 6 7 8 10 11 12 | 12.0
Fighting       | 1 2 3 4 5 |  5.0
Dodging        | 3 4 6 9 10 | 10.7
Spellcasting   | 4 5 6 8 |  8.8
Stealth        | 3 4 6 7 |  7.2
Evocations     | 2 4 6 |  6.0
Poison Magic   | 1 |  1.0
Staves         | 1 |  1.0
Summonings     | 4 5 6 |  6.2
Armour         | 2 |  2.0
Conjurations   | 3 4 |  4.7

Action                   |  1- 3 |  4- 6 |  7- 9 | 10-12 || total
-------------------------+-------+-------+-------+-------++-------
Melee: Kick              |     1 |     4 |     7 |    20 ||    32
       Unarmed           |     1 |       |       |       ||     1
       Staff             |       |    20 |    27 |    52 ||    99
       Peck              |       |     5 |     5 |    14 ||    24
 Cast: Shock             |    90 |   193 |   195 |   268 ||   746
       Airstrike         |       |     1 |    53 |   129 ||   183
       Static Discharge  |       |       |     3 |    15 ||    18
       Call Canine Famil |       |       |       |    48 ||    48
       Hailstorm         |       |       |       |     1 ||     1
Evoke: Wand              |       |       |     7 |    14 ||    21
  Use: Scroll            |       |     5 |       |    24 ||    29
       Potion            |       |       |       |     2 ||     2
 Stab: Distracted        |       |       |       |     2 ||     2
Armor: Robe              |     3 |    19 |     9 |       ||    31
       Troll leather arm |       |       |     3 |       ||     3
       Steam dragon scal |       |       |       |    43 ||    43
       Skin              |       |       |       |     1 ||     1
Dodge: Dodged            |    11 |    71 |    60 |   275 ||   417

Table legend: (Time is in decaauts)
 A = Elapsed time spent in this place.
 B = Non-inter-level travel time spent in this place.
 C = Inter-level travel time spent in this place.
 D = Time resting spent in this place.
 E = Time spent auto-exploring this place.
 F = Levels seen in this place.
 G = Mean time per level.
                   A        B        C        D        E       F      G
               +--------+--------+--------+--------+--------+-----+--------+
         Total |  20159 |  19597 |    562 |   4029 |  12776 |  15 | 1343.9 |
       Dungeon |  16109 |  15612 |    497 |   2443 |  11143 |  10 | 1610.9 |
        Temple |     93 |     81 |     12 |      0 |     62 |   1 |   93.0 |
          Lair |   2947 |   2895 |     52 |   1237 |   1132 |   3 |  982.3 |
       Ossuary |   1008 |   1008 |      0 |    347 |    438 |   1 | 1008.0 |
               +--------+--------+--------+--------+--------+-----+--------+

Top non-repeatable levels by time:
     D:8: 2956 daAuts
  Lair:1: 1803 daAuts
     D:5: 1760 daAuts
    D:10: 1666 daAuts
     D:7: 1600 daAuts
     D:9: 1590 daAuts
     D:1: 1522 daAuts
     D:6: 1369 daAuts
     D:3: 1336 daAuts
     D:2: 1178 daAuts
     D:4: 1129 daAuts
  Lair:2: 1084 daAuts
 Ossuary: 1008 daAuts
  Temple: 93 daAuts
  Lair:3: 60 daAuts
